 Dungeon Crawl Stone Soup version 0.14-a0-1721-g84c87b2 (webtiles) character file.

709 Nicoed the Ducker (level 6, -13/48 HPs)
             Began as a Demonspawn Fighter on Jan 2, 2014.
             Killed by divine providence
             ... invoked by an orc priest
              (14 damage)
             ... on Level 4 of the Dungeon.
             The game lasted 00:11:03 (2858 turns).

Nicoed the Ducker (Demonspawn Fighter)              Turns: 2858, Time: 00:11:04

HP -13/48        AC 13     Str 18      XL: 6   Next: 96%
MP   6/6         EV  8     Int 10      God:
Gold 204         SH 19     Dex 14      Spells:  0 memorised,  5 levels left

rFire  . . .     SeeInvis .     e - +0 orc flail
rCold  . . .     Clarity  .     k - +1 ring mail
rNeg   . . .     Conserve .     c - +0 shield
rPois  .         rCorr    .     (no helmet)
rElec  .         rRot     .     f - +0 cloak
SustAb . .       Spirit   .     (no gloves)
rMut   .         Warding  .     o - +0 pair of orc boots
Saprov . . .     Stasis   .     (no amulet)
                                (no ring)
                                q - +2 ring of dexterity

@: slightly resistant to hostile enchantments, very unstealthy
A: hooves 2, iridescent scales 1
a: no special abilities


You were on level 4 of the Dungeon.
You were not hungry.

You visited 1 branch of the dungeon, and saw 4 of its levels.

You collected 204 gold pieces.

Inventory:

Hand weapons
 e - a +0,+0 orcish flail (weapon)
Armour
 c - a +0 shield (worn)
 f - a +0 cloak (worn)
 k - a +1 ring mail (worn)
 o - a +0 pair of orcish boots (worn)
Magical devices
 v - a wand of confusion (15) {unknown}
Comestibles
 d - a bread ration
 h - 3 meat rations
Scrolls
 a - a scroll of amnesia
 b - a scroll of teleportation
 m - a scroll of recharging
 p - a scroll of remove curse
 s - a scroll of enchant armour
 t - a scroll of random uselessness {unknown}
 u - a scroll of noise {unknown}
 w - a scroll of magic mapping {unknown}
Jewellery
 q - a +2 ring of dexterity (left hand)
Potions
 g - a potion of speed {unknown}
 i - a potion of agility {unknown}
 j - a potion of curing
 l - a potion of magic {unknown}
 n - 2 potions of brilliance {unknown}
 r - a potion of lignification {unknown}


   Skills:
 + Level 3.8 Fighting
 + Level 3.8 Maces & Flails
 + Level 3.4 Armour
 + Level 3.9 Dodging
 + Level 3.4 Shields


You had 5 spell levels left.
You didn't know any spells.

Dungeon Overview and Level Annotations

Branches:
Dungeon (4/16)
 Temple: D:4-7

Altars:
Kikubaaqudgha
Vehumet
Zin


Innate Abilities, Weirdness & Mutations

You have hoof-like feet.
You are partially covered in iridescent scales (AC +4).


Message History

You are too injured to fight recklessly!
You barely miss the orc priest.
The orc priest is lightly wounded.
You block the orc's attack.
The orc priest hits you but does no damage.
The orc priest barely misses you. The orc barely misses you.
The orc closely misses you.
Unknown command.
You hit the orc priest but do no damage.
The orc priest is lightly wounded.
The orc priest hits you.
* * * LOW HITPOINT WARNING * * *
The orc hits you but does no damage.
The orc priest mumbles some strange prayers to Beogh against you.
Something smites you!
* * * LOW HITPOINT WARNING * * *
The orc barely misses you.
The orc priest mumbles some strange prayers to Beogh against you.
Something smites you!
You die...

#..........(......#####
#%%...###.............##
#.....# #.#####...(.....
#.....### #......#....##
.......# #......#....#
.......# #......#....#
.......# #...>$.#...
.......# .#......#
###.#.###.#.....@#
...............ooo.......
###.#.###.#......>o.....
###.#...................
#...###..........#####..
#...# #....####.##
....###....####.
<.....%.........
#######....#####


You could see 2 orc priests and 2 orcs.

Vanquished Creatures
  The ghost of Kae the Insei, an average DrTm (D:4)
  A centaur (D:4)
  An iguana (D:4)
  A scorpion (D:4)
  A worker ant (D:4)
  6 adders (D:3)
  A worm (D:4)
  An adder skeleton (D:4)
  7 orcs
  11 bats
  4 bat skeletons (D:3)
  4 bat zombies (D:3)
  9 hobgoblins
  5 kobolds
  A quokka (D:3)
  3 ball pythons
  4 giant cockroaches
  3 giant geckos
  2 giant newts
  8 goblins
  3 rats
77 creatures vanquished.

Vanquished Creatures (others)
  An orc (D:3)
  A hobgoblin (D:3)
2 creatures vanquished.

Grand Total: 79 creatures vanquished

Notes
Turn   | Place    | Note
--------------------------------------------------------------
     0 | D:1      | Nicoed, the Demonspawn Fighter, began the quest for the Orb.
     0 | D:1      | Reached XP level 1. HP: 18/18 MP: 1/1
   561 | D:1      | Gained mutation: You have large cloven feet. [demonic ancestry]
   561 | D:1      | Reached XP level 2. HP: 24/24 MP: 2/2
   672 | D:1      | Reached skill level 1 in Dodging
  1101 | D:2      | Reached XP level 3. HP: 25/29 MP: 3/3
  1661 | D:3      | Found a radiant altar of Vehumet.
  1728 | D:3      | Reached XP level 4. HP: 27/35 MP: 4/4
  2300 | D:3      | Found an ancient bone altar of Kikubaaqudgha.
  2489 | D:4      | Gained mutation: You are partially covered in iridescent scales (AC +4). [demonic ancestry]
  2489 | D:4      | Reached XP level 5. HP: 35/41 MP: 5/5
  2490 | D:4      | Noticed Kae's ghost (average DrTm)
  2519 | D:4      | Killed Kae's ghost
  2519 | D:4      | Gained mutation: You have hoof-like feet. [demonic ancestry]
  2519 | D:4      | Reached XP level 6. HP: 9/47 MP: 6/6
  2748 | D:4      | Noticed a centaur
  2756 | D:4      | Killed a centaur
  2815 | D:4      | Found a glowing silver altar of Zin.
  2858 | D:4      | HP: 1/48 [orc priest/divine providence (10)]
  2858 | D:4      | Killed from afar by an orc priest

Action                   |  1- 3 |  4- 6 || total
-------------------------+-------+-------++-------
Melee: Mace              |   100 |       ||   100
       Flail             |    30 |   151 ||   181
  Use: Scroll            |     4 |     2 ||     6
       Potion            |       |     2 ||     2
